 Dungeon Crawl Stone Soup version 0.32-a0-791-gfc315c9ecd (webtiles) character file.

Game seed: 10347658797599087338

46 retardedninja the Trooper (level 3, -1/30 HPs)
             Began as a Coglin Fighter on Mar 20, 2024.
             Slain by a cerulean imp
             ... wielding a +2 spear
             ... summoned by Natasha
              (5 damage)
             ... on level 2 of the Dungeon.
             The game lasted 00:01:28 (1018 turns).

retardedninja the Trooper (Coglin Fighter)          Turns: 1018, Time: 00:01:29

Health: -1/30      AC:  8    Str: 18    XL:     3   Next: 66%
Magic:  3/3        EV:  8    Int:  7    God:
Gold:   59         SH:  4    Dex: 13    Spells: 2/2 levels left

rFire   . . .        a - +0 war axe {Hong}
rCold   . . .        c - +0 buckler
rNeg    . . .        b - +0 scale mail
rPois   .            (no helmet)
rElec   .            (no cloak)
rCorr   .            (no gloves)
SInv    .            i - +1 pair of boots {rampage}
Will    .....        (amulet unavailable) Stlth
                     (ring unavailable)
HPRegen 0.25/turn    (ring unavailable)
MPRegen 0.08/turn    (no gizmo)

%: rampage
@: mighty, revved
A: off-hand wielding, slow wielding, warmup strikes, no jewellery, sense
surroundings 1, wild magic 1, noise suppression, persistent drain
a: Invent Gizmo


You were on level 2 of the Dungeon.
You visited 1 branch of the dungeon, and saw 2 of its levels.

You collected 59 gold pieces.

Inventory:

Hand Weapons
 a - a +0 war axe (weapon) {Hong}
Armour
 b - a +0 scale mail (worn)
 c - a +0 buckler (worn)
 i - a +1 pair of boots of rampaging (worn)
Scrolls
 f - a scroll of teleportation {unknown}
 g - a scroll of vulnerability {unknown}
 j - a scroll of identify {unknown}
Potions
 e - a potion of resistance {unknown}


   Skills:
 * Level 3.6 Fighting
 * Level 2.9 Axes
 + Level 3.0 Armour
 - Level 2.1 Shields


You had 2 spell levels left.
You didn't know any spells.
Your spell library contained the following spells:

 Spells                   Type           Power      Damage    Failure   Level
 Magic Dart               Conj           0%         1d3       92%         1
 Searing Ray              Conj           0%         2d4       98%         2
 Fulminant Prism          Conj/Alch      0%         3d5       100%        4


Dungeon Overview and Level Annotations

Branches:
Dungeon (2/15)

Altars:
Uskayaw

Annotations:
D:2 Natasha


Innate Abilities, Weirdness & Mutations

You can wield a second weapon in your off-hand.
It takes a long time for you to wield or remove held weapons.
Your first few attacks do less damage.
You cannot equip rings or amulets.
You passively map a small area around you.
Your spells are a little harder to cast, but a little more powerful.
You passively dampen the noise of your surroundings.
Your health recovers twice as slowly from being drained.


Message History

You closely miss Natasha.
Natasha is moderately wounded.
You barely miss the cerulean imp.
The cerulean imp hits you but does no damage.
Natasha casts a spell.
The cerulean imp hits you but does no damage.
You hit Natasha.
Natasha is heavily wounded.
You hit the cerulean imp. Natasha claws you but does no damage.
The cerulean imp hits you but does no damage. x2
You closely miss Natasha.
Natasha is heavily wounded.
You barely miss the cerulean imp. Natasha claws you but does no damage.
You block the cerulean imp's attack.
The cerulean imp hits you from afar with a +0 spear.
Natasha casts a spell.
You hit Natasha.
Natasha is heavily wounded.
You closely miss the cerulean imp. You block the cerulean imp's attack.
The cerulean imp hits you from afar with a +0 spear.
Natasha claws you but does no damage.
The cerulean imp hits you but does no damage.
The cerulean imp hits you with a +0 spear.
The cerulean imp closely misses you.
You feel very mighty all of a sudden. Natasha claws you!
* * * LOW HITPOINT WARNING * * *
The cerulean imp hits you but does no damage.
The cerulean imp hits you with a +0 spear.
* * * LOW HITPOINT WARNING * * *
The cerulean imp hits you but does no damage.
It was a potion of mutation.
You feel extremely strange.
You begin to recover more slowly from draining effects.
You feel your surroundings grow quieter.
You feel a strange attunement to the structure of the dungeons.
You feel less in control of your magic. Natasha claws you.
* * * LOW HITPOINT WARNING * * *
The cerulean imp hits you from afar with a +2 spear.
You die...

, * * ..., , , * .. , ,
, .. , * #. , * , ,
,######.## #..# , ,
#......S#*,#...###,
#....55h# ...#..#, , *
*#..$.5.@##...#...#.
#.......##......#.#...#.
*
#.......##.....#...#.#..
#>......................
#........##............#
#.......................
##########.............#
#.....).......#
##.......####*


You could see Natasha, 3 cerulean imps and a ball python.

Vanquished Creatures
  An adder (D:2)
  2 ball pythons
  A bat (D:1)
  An endoplasm (D:1)
  A giant cockroach (D:1)
  3 goblins (D:1)
  A hobgoblin (D:1)
  4 jackals (D:2)
  4 kobolds
  A quokka (D:2)
  13 frilled lizards
  4 rats (D:1)
36 creatures vanquished.

Notes
Turn   | Place    | Note
-------+----------+-------------------------------------------
     0 | D:1      | retardedninja the Coglin Fighter began the quest for the
                  | Orb.
     0 | D:1      | Reached XP level 1. HP: 18/18 MP: 1/1
   368 | D:1      | Reached XP level 2. HP: 24/24 MP: 2/2
   547 | D:1      | Reached XP level 3. HP: 28/29 MP: 3/3
   738 | D:2      | Found a hide-covered altar of Uskayaw.
  1008 | D:2      | Noticed Natasha
  1018 | D:2      | Gained mutation: Your health recovers twice as slowly from
                  | being drained. [potion of mutation]
  1018 | D:2      | Gained mutation: You passively dampen the noise of your
                  | surroundings. [potion of mutation]
  1018 | D:2      | Gained mutation: You passively map a small area around you.
                  | [potion of mutation]
  1018 | D:2      | Gained mutation: Your spells are a little harder to cast,
                  | but a little more powerful. [potion of mutation]
  1018 | D:2      | Slain by a cerulean imp

Illustrated notes

Levels and vault maps discovered:
D:1:      dpeg_arrival_solitude, layout_basic, chequers_serial_rivers_micro_e,
          chequers_serial_rivers_small_3, st_stairs_1, minmay_lizard_king
D:2:      layout_basic, basic_altar, minmay_splitting_lines,
          minmay_heptomino_o4, uniq_natasha

Skill      XL: |  1  2  3 |
---------------+----------+-----
Armour         | 3 |  3.0
Fighting       | |  3.6
Axes           | |  2.9
Shields        | |  2.1

Action                     || total
---------------------------++-------
  Melee: War axe           ||    91
    Use: Potion            ||     2
 Armour: Scale mail        ||    86
  Dodge: Dodged            ||    37
  Block: Buckler           ||    19

Table legend: (Time is in decaauts)
 A = Elapsed time spent in this place.
 B = Non-inter-level travel time spent in this place.
 C = Inter-level travel time spent in this place.
 D = Time resting spent in this place.
 E = Time spent auto-exploring this place.
 F = Levels seen in this place.
 G = Mean time per level.
                   A        B        C        D        E       F      G
               +--------+--------+--------+--------+--------+-----+--------+
         Total |   1055 |   1047 |      8 |      0 |    821 |   2 |  527.5 |
       Dungeon |   1055 |   1047 |      8 |      0 |    821 |   2 |  527.5 |
               +--------+--------+--------+--------+--------+-----+--------+

Top non-repeatable levels by time:
     D:1: 708 daAuts
     D:2: 347 daAuts
